 Dungeon Crawl Stone Soup version 0.32-a0-961-gd60f5e5fc7 (webtiles) character file.

Game seed: 6338238876415069046

16 PriceMaster the Apothecary (level 2, -4/13 HPs)
             Began as a Spriggan Alchemist on Apr 18, 2024.
             Slain by an iguana (11 damage)
             ... on level 2 of the Dungeon.
             The game lasted 00:01:22 (1005 turns).

PriceMaster the Apothecary (Spriggan Alchemist)     Turns: 1005, Time: 00:01:22

Health: -4/13      AC:  2    Str:  4    XL:     2   Next: 41%
Magic:  7/7        EV: 16    Int: 16    God:
Gold:   50         SH:  0    Dex: 15    Spells: 4/7 levels left

rFire   . . .        h - +0 spear
rCold   . . .        (no shield)
rNeg    . . .        a - +0 robe
rPois   .            (helmet restricted)
rElec   .            (no cloak)
rCorr   +            (gloves unavailable)
SInv    +            (boots unavailable)
Will    .....        (no amulet)
Stlth   ++           c - ring of resist corrosion
HPRegen 0.22/turn    (no ring)
MPRegen 0.10/turn

%: no passive effects
@: very quick
A: very small, no large weapons, unfitting armour, see invisible, speed 3
a: no special abilities


You were on level 2 of the Dungeon.
You visited 1 branch of the dungeon, and saw 2 of its levels.

You collected 50 gold pieces.

Inventory:

Hand Weapons
 h - a +0 spear (weapon)
Armour
 a - a +0 robe (worn)
Jewellery
 c - a ring of resist corrosion (left hand)
Scrolls
 b - a scroll of silence {unknown}
 f - a scroll of revelation {unknown}
Potions
 d - a potion of curing {unknown}
 e - 2 potions of lignification {unknown}
 g - a potion of haste {unknown}


   Skills:
 + Level 2.9 Dodging
 + Level 3.5 Stealth
 + Level 3.0 Spellcasting
 + Level 0.8 Conjurations
 + Level 3.6 Alchemy


You had 4 spell levels left.
You knew the following spells:

 Your Spells              Type           Power      Damage    Failure   Level
a - Sting                 Conj/Alch      36%        1d5       8%          1
b - Mercury Vapours       Alch/Air       16%        N/A       14%         2

Your spell library contained the following spells:

 Spells                   Type           Power      Damage    Failure   Level
 Mephitic Cloud           Conj/Alch/Air  7%         N/A       30%         3
 Olgreb's Toxic Radiance  Alch           13%        N/A       38%         4
 Sticky Flame             Fire/Alch      8%         2d4       65%         4


Dungeon Overview and Level Annotations

Branches:
Dungeon (2/15)

Altars:
The Shining One


Innate Abilities, Weirdness & Mutations

You are very small and have problems with some larger weapons.
You are too small for most types of armour.
You have supernaturally acute eyesight. (SInv)
You cover ground extremely quickly. (Speed+++)


Message History

The hobgoblin is heavily wounded.
The sting hits the hobgoblin.
The hobgoblin looks even sicker.
You kill the hobgoblin!
You can't see any susceptible monsters within range! (Use Z to cast anyway.)
Items here: ( )) ÷.
You see here 4 poisoned darts.
There is a stone staircase leading down here.
Done exploring.
Done exploring.
Done exploring.
No target in view!
Items here: ( )) ÷.
There is a stone staircase leading down here.
There is a stone staircase leading down here.
Items here: ( )) ÷.
You see here a frilled lizard skeleton.
You see here a +0 spear.
h - a +0 spear
h - a +0 spear (weapon)
You see here a frilled lizard skeleton.
Items here: ( )) ÷.
There is a stone staircase leading down here.
You climb downwards.
There is a stone staircase leading up here.
Found a glowing golden altar of the Shining One.
You now have 50 gold pieces (gained 7).
An iguana comes into view.
An iguana is nearby!
The iguana hisses angrily.
You hit the iguana.
The iguana is moderately wounded.
The iguana barely misses you.
You barely miss the iguana.
The iguana is moderately wounded.
The iguana bites you.
You hit the iguana but do no damage.
The iguana is moderately wounded.
The iguana bites you!
Ouch! That really hurt!
You die...

########## ##
#........# ..##
#........#
#...##........##
......##..#....###
......##.#####...#
.._...##.# ###.#
.........### #@#
............# #l#
#.#..######.# ...
#...#### .......
#......# #......
#......##############
#..........##...#
#......###..#...#
###########.....#


You could see an iguana.

Vanquished Creatures
  3 ball pythons (D:1)
  3 endoplasms (D:1)
  A giant cockroach (D:1)
  A hobgoblin (D:1)
  A kobold (D:1)
  A quokka (D:1)
  2 bats (D:1)
  2 frilled lizards (D:1)
  A goblin (D:1)
  A rat (D:1)
16 creatures vanquished.

Notes
Turn   | Place    | Note
-------+----------+-------------------------------------------
     0 | D:1      | PriceMaster the Spriggan Alchemist began the quest for the
                  | Orb.
     0 | D:1      | Reached XP level 1. HP: 9/9 MP: 5/5
   341 | D:1      | Reached XP level 2. HP: 13/13 MP: 2/6
   588 | D:1      | Learned a level 2 spell: Mercury Vapours
   979 | D:2      | Found a glowing golden altar of the Shining One.
  1005 | D:2      | Slain by an iguana

Illustrated notes

Levels and vault maps discovered:
D:1:      dpeg_arrival_boxorama, layout_basic, minmay_misc_feat_square
D:2:      wander_river, layout_rooms, basic_altar, uniq_natasha, uniq_terence

Skill      XL: |  1  2 |
---------------+-------+-----
Spellcasting   | 3 |  3.0
Dodging        | |  2.9
Stealth        | |  3.5
Conjurations   | |  0.8
Alchemy        | |  3.6

Action                     || total
---------------------------++-------
  Melee: Unarmed           ||     2
         Spear             ||     3
   Cast: Sting             ||    29
    Use: Potion            ||     1
 Armour: Robe              ||     5
  Dodge: Dodged            ||     7

Table legend: (Time is in decaauts)
 A = Elapsed time spent in this place.
 B = Non-inter-level travel time spent in this place.
 C = Inter-level travel time spent in this place.
 D = Time resting spent in this place.
 E = Time spent auto-exploring this place.
 F = Levels seen in this place.
 G = Mean time per level.
                   A        B        C        D        E       F      G
               +--------+--------+--------+--------+--------+-----+--------+
         Total |    722 |    683 |     39 |      0 |    539 |   2 |  361.0 |
       Dungeon |    722 |    683 |     39 |      0 |    539 |   2 |  361.0 |
               +--------+--------+--------+--------+--------+-----+--------+

Top non-repeatable levels by time:
     D:1: 699 daAuts
     D:2: 23 daAuts
